 Dungeon Crawl Stone Soup version 0.27.1-33-g824d729ab1 (webtiles) character file.

Game seed: 17333958843786967968

2373 arek5066 the Thaumaturge (level 9, -5/59 HPs)
             Began as a Djinni Fire Elementalist on Dec 5, 2021.
             Was a Follower of Makhleb.
             Shot with an arrow by a centaur warrior (22 damage)
             ... on level 8 of the Dungeon on Dec 6, 2021.
             The game lasted 00:59:59 (12470 turns).

arek5066 the Thaumaturge (DjFE)                    Turns: 12470, Time: 01:00:01

Health: -5/59      AC:  5    Str: 10    XL:     9   Next: 73%
Gold:   329        EV: 13    Int: 16    God:    Makhleb [*.....] SH:  0 Dex: 21

rFire    + + .     SeeInvis .   w - staff of conjuration
rCold    . . .     Faith    .   (no shield)
rNeg     . . .     Spirit   .   a - +0 robe
rPois    ∞         Reflect  .   x - +2 helmet of Marbles {rC+}
rElec    .         Harm     .   (no cloak)
rCorr    .         Rampage  .   (no gloves)
Will     .....                  (boots unavailable)
Stlth    ++........             (no amulet)
HPRegen  0.19/turn              (no ring)
MPRegen  0.00/turn              p - +6 ring of dexterity

@: flying
A: sickness immunity, fire resistance 2, cold vulnerability 1, float, innate
caster, hp casting, extra vitality 1
a: Renounce Religion


You were on level 8 of the Dungeon.
You worshipped Makhleb.
Makhleb was aware of your devotion.
You visited 2 branches of the dungeon, and saw 10 of its levels.

You collected 329 gold pieces.

Inventory:

Hand Weapons
 o - a +0 dagger
 r - a +0 scimitar
 u - the +7 hand axe of Evolution {holy, rF++ rC- Will+++}
   (You found it on level 4 of the Dungeon)

   It has been blessed by the Shining One to cause great damage to the undead
   and demons.
   rF:        It greatly protects you from fire.
   rC:        It makes you vulnerable to cold.
   Will:      It greatly increases your willpower.
Armour
 a - a +0 robe (worn)
 x - the +2 helmet of Marbles (worn) {rC+}
   (You found it on level 5 of the Dungeon)

   rC:        It protects you from cold.
Magical Staves
 w - a staff of conjuration (weapon)
Jewellery
 p - a +6 ring of dexterity (right hand)
Wands
 i - a wand of iceblast (14)
Scrolls
 c - a scroll of magic mapping {unknown}
 d - 3 scrolls of teleportation
 e - 6 scrolls of identify
 f - a scroll of immolation
 g - a scroll of acquirement
 h - 3 scrolls of enchant weapon
 j - a scroll of enchant armour {unknown}
 m - a scroll of silence {unknown}
 n - a scroll of fog {unknown}
 s - a scroll of blinking {unknown}
 t - 2 scrolls of amnesia {unknown}
 v - 2 scrolls of vulnerability {unknown}
 y - a scroll of summoning {unknown}
 C - a scroll of holy word {unknown}
Potions
 b - a potion of haste
 k - 2 potions of attraction
 l - 3 potions of lignification
 q - 3 potions of curing
 z - a potion of heal wounds
 A - a potion of might {unknown}
 B - a potion of brilliance {unknown}


   Skills:
 + Level 2.4 Fighting
 + Level 0.6 Staves
 - Level 2.1 Dodging
 - Level 1.5 Stealth
 * Level 9.0 Spellcasting
 * Level 4.2 Evocations


You had 2 spell levels left.
You knew the following spells:

 Your Spells              Type           Power      Damage    Failure   Level
a - Foxfire               Conj/Fire      100%       2x1d9     1%          1
b - Conjure Flame         Conj/Fire      53%        6-21      1%          3
c - Inner Flame           Hex/Fire       36%        N/A       1%          3
d - Sticky Flame          Conj/Fire      53%        2d7       2%          4
e - Fireball              Conj/Fire      26%        3d12      7%          5
f - Corona                Hex            40%        N/A       1%          1
g - Poisonous Vapours     Pois/Air       72%        N/A       1%          2
h - Blink                 Tloc           N/A        N/A       1%          2
i - Lesser Beckoning      Tloc           18%        N/A       1%          3
Your spell library was empty.

Dungeon Overview and Level Annotations

Branches:
Dungeon (9/15)             Temple (1/1) D:5
   Lair: D:8-11         Orc: D:9-12

Altars:
Ashenzari
Cheibriados
Dithmenos
Elyvilon
Fedhas
Gozag
Hepliaklqana
Kikubaaqudgha
Makhleb
Nemelex Xobeh
Okawaru
Qazlal
Ru
Sif Muna
Trog
Uskayaw
Vehumet
Wu Jian
Xom
Yredelemnul
Zin
The Shining One


Innate Abilities, Weirdness & Mutations

You are immune to sickness and miasma.
You are immune to poison.
Your flesh is very heat resistant. (rF++)
You are vulnerable to cold. (rC-)
You float through the air rather than walking.
You learn spells naturally, not from books.
Your magical power is your life essence.
You have superior vitality. (+4 HP)


Message History

You feel a surge of power!
You conjure some foxfire!
The foxfire hits the howler monkey.
You kill the howler monkey!
Makhleb accepts your kill.
Your Spellcasting skill increases to level 9!
Unknown command.
Casting: Foxfire (safe; 1% risk of failure)
Confirm with . or Enter, or press ? or * to list all spells.
You don't know that spell.
Unknown command.
You start resting.
Your foxfire dissipates!
You start resting.
Your foxfire dissipates!
You start resting.
Your foxfire dissipates!
You now have 329 gold pieces (gained 8).
There are no items here.
The centaur warrior unwields a +0 shortbow.
The centaur warrior wields a +0 whip.
The centaur warrior closely misses you. x2
The centaur warrior hits you with a +0 whip!
The centaur warrior kicks you but does no damage.
The centaur warrior unwields a +0 whip.
The centaur warrior wields a +0 shortbow.
The centaur warrior shoots an arrow.
The arrow hits you!
Casting: Foxfire (safe; 1% risk of failure)
Confirm with . or Enter, or press ? or * to list all spells.
You blink.
Found 7 datura-tipped darts.
The catoblepas bellows!
The catoblepas misses you.
Casting: Blink (safe; 1% risk of failure)
Confirm with . or Enter, or press ? or * to list all spells.
You blink.
The centaur warrior shoots an arrow.
The arrow closely misses you.
Casting: Blink (safe; 1% risk of failure)
Confirm with . or Enter, or press ? or * to list all spells.
You blink.
* * * LOW HITPOINT WARNING * * *
The centaur warrior shoots an arrow.
The arrow misses you.
The centaur warrior shoots an arrow.
The arrow hits you!!
You die...

#####.###########.####
..#........>.........)
#####
#.#.##.########....###
(....##.#.##.# #....#
####...§.....# #....#
#......).....########....#
..##.##Y####.§...........#
#. #..c..#########....#
... #. ##...@# #....# ..#
# #....# #....# #.#
#.....# #....# ..# #.....#
#####.#### ..# #.#..##
#......... ..# #'####
#...††.... #.#### ≈
....†....... ..T.<# .
###......... ..####
#.........


You could see a catoblepas and a centaur warrior.

Vanquished Creatures
  A water moccasin (D:6)
  An orc warrior (D:7)
  2 black bears (D:6)
  A sky beast (D:6)
  An ogre (D:5)
  A necrophage (D:3)
  A centaur (D:7)
  3 phantoms
  2 kobold brigands (D:7)
  A bullfrog (D:7)
  A scorpion (D:3)
  A water moccasin zombie (D:3)
  A water moccasin skeleton (D:4)
  3 killer bees (D:7)
  4 wights
  3 howler monkeys (D:8)
  4 centaur zombies
  3 bullfrog zombies
  A hound (D:6)
  A centaur skeleton (D:6)
  4 iguanas
  An orc wizard (D:5)
  2 hound zombies (D:5)
  7 gnolls
  3 adders
  A shadow imp (D:7)
  A white imp (D:7)
  2 ufetubi
  An adder skeleton (D:4)
  3 worms
  4 dart slugs
  11 orcs
  2 ball pythons
  7 endoplasms
  2 giant cockroaches (D:2)
  6 hobgoblins
  3 quokkas
  4 bats
  3 frilled lizards
  3 goblins
  18 kobolds
  4 rats
128 creatures vanquished.

Vanquished Creatures (collateral kills)
  35 foxfires (D:3)
35 creatures vanquished.

Vanquished Creatures (others)
  531 foxfires
  16 plants
547 creatures vanquished.

Grand Total: 710 creatures vanquished

Notes
Turn   | Place    | Note
-------+----------+-------------------------------------------
     0 | D:1      | arek5066 the Djinni Fire Elementalist began the quest for
                  | the Orb.
     0 | D:1      | Reached XP level 1. HP: 15/15 MP: 0/0
   416 | D:1      | Reached XP level 2. HP: 19/21 MP: 0/0
   678 | D:1      | Found a faded altar of an unknown god.
   901 | D:1      | Reached skill level 3 in Spellcasting
   901 | D:1      | Reached XP level 3. HP: 12/26 MP: 0/0
   901 | D:1      | Learned a level 1 spell: Corona
  2238 | D:2      | Reached XP level 4. HP: 26/31 MP: 0/0
  2843 | D:3      | Noticed a scorpion
  2857 | D:3      | Killed a scorpion
  2858 | D:3      | Reached skill level 4 in Spellcasting
  2858 | D:3      | Reached XP level 5. HP: 10/36 MP: 0/0
  2858 | D:3      | Learned a level 2 spell: Poisonous Vapours
  3093 | D:3      | Reached skill level 1 in Evocations
  4064 | D:3      | Noticed a necrophage
  4076 | D:3      | Reached XP level 6. HP: 31/41 MP: 0/0
  4079 | D:3      | Killed a necrophage
  4734 | D:4      | Reached skill level 5 in Spellcasting
  5047 | D:5      | Entered Level 5 of the Dungeon
  5083 | D:4      | Identified the +7 hand axe of Evolution {holy, rF++ rC-
                  | Will+++}
  5197 | D:4      | Reached XP level 7. HP: 43/46 MP: 0/0
  5197 | D:4      | Learned a level 2 spell: Blink
  6069 | D:5      | Identified the +2 helmet of Marbles {rC+}
  6114 | D:5      | Identified a scroll of acquirement
  6132 | D:5      | Reached skill level 1 in Fighting
  6438 | D:6      | Noticed a water moccasin
  6441 | D:6      | Killed a water moccasin
  6442 | D:6      | Reached skill level 6 in Spellcasting
  6442 | D:6      | Reached XP level 8. HP: 45/54 MP: 0/0
  6645 | D:5      | Found a staircase to the Ecumenical Temple.
  6657 | Temple   | Entered the Ecumenical Temple
  7328 | Temple   | Became a worshipper of Makhleb the Destroyer
  7990 | D:6      | Found a faded altar of an unknown god.
  7990 | D:6      | Found a faded altar of an unknown god.
  7990 | D:6      | Found a faded altar of an unknown god.
  7990 | D:6      | Found a faded altar of an unknown god.
  8353 | D:6      | Found a hazy altar of Hepliaklqana.
  8605 | D:6      | Reached skill level 7 in Spellcasting
  9285 | D:7      | Reached XP level 9. HP: 34/59 MP: 0/0
  9285 | D:7      | Learned a level 3 spell: Lesser Beckoning
  9674 | D:7      | Reached skill level 8 in Spellcasting
 10709 | D:8      | Noticed a centaur warrior
 11384 | D:8      | Noticed a troll
 11386 | D:8      | Noticed a catoblepas
 11547 | D:8      | Reached * piety under Makhleb
 12413 | D:9      | Noticed a troll
 12446 | D:8      | Reached skill level 9 in Spellcasting
 12470 | D:8      | Shot with an arrow by a centaur warrior

Illustrated notes

Levels and vault maps discovered:
D:1:      lemuel_arrival_broad_hall, layout_loops_corners,
          shapermc_ecumenical_altar_mp_highgroup
D:2:      layout_rooms, eino_tiny_chamber, minivault_27,
          mrwooster_statue_mirror, supply_closet_lemuel
D:3:      layout_loops_cross, chequers_serial_rivers_large_b,
          grunt_ministairs_7, serial_bayou_lagoon_a, minmay_misc_feat_x
D:4:      corexii_shack_village, layout_loops_ring
D:5:      layout_loops_ring, minmay_temple_entry_stoned_glass
D:6:      layout_basic, nicolae_hepliaklqana_ecumenical_no_more
D:7:      layout_basic
D:8:      cheibrodos_fzero, layout_rooms, kennysheep_generic_room_16
D:9:      layout_long_grid
Temple:   roderic_octagonal_lattice_temple

Skill      XL: |  1  2  3  4  5  6  7  8  9 |
---------------+----------------------------+-----
Spellcasting   | 3 4 5 6 7 9 |  9.0
Evocations     | 1 2 3 4 |  4.2
Fighting       | 1 2 |  2.4
Staves         | |  0.6
Dodging        | |  2.1
Stealth        | |  1.5

Action                   |  1- 3 |  4- 6 |  7- 9 || total
-------------------------+-------+-------+-------++-------
Melee: Unarmed           |     1 |       |       ||     1
       Staff             |       |    39 |     8 ||    47
       Hand axe          |       |     5 |     3 ||     8
 Cast: Foxfire           |    70 |   121 |   217 ||   408
       Poisonous Vapours |       |    10 |     7 ||    17
       Inner Flame       |       |     1 |     1 ||     2
       Blink             |       |       |    43 ||    43
       Fireball          |       |       |    11 ||    11
       Conjure Flame     |       |       |     1 ||     1
  Use: Potion            |     1 |       |     2 ||     3
       Scroll            |       |       |     9 ||     9
Armor: Robe              |     1 |     5 |    47 ||    53
Dodge: Dodged            |     9 |    19 |   129 ||   157
